cohdb
Replays
Latest Replays
All Replays
Popular Replays
Top Player Replays
Match Explorer
How It Works
Community
CoH3 Stats
Reddit
Sign in to upload your games and track your stats! →
Sign in with Steam
Match 39570200
Unlisted
Match 39570200
Overview
Messages
Build Orders
End
Construct Barracks
Scout Squad
Riflemen Squad
Riflemen Squad
Riflemen Squad
M1 Mortar Team
Grenade Package
Infantry Support Center
Construct Weapon Support Center
M1919 Machine Gun Team
Selects Heavy Weapons
M1918 Browning Automatic Rifles
Riflemen Squad
Construct Tank Depot
M4(105) Sherman Bulldozer
Construct Medical Station
Selects Assault Carriers
Selects Exchangeable Parts
Engineer Squad
M18 Hellcat Tank Destroyer
Scout Squad
M4A1 Sherman Medium Tank
Engineer Squad
RINZLER
^3
0
0
Comments
sign in to comment!
No comments posted yet!